 Dungeon Crawl Stone Soup version 0.27-a0-1105-g946c659c87 (webtiles) character file.

Game seed: 12420211187096841096

257 senseless the Cudgeller (level 5, -2/42 HPs)
             Began as a Demonspawn Berserker on Apr 29, 2021.
             Was a Priest of Trog.
             Slain by Edmund
             ... wielding a +3 flail of protection
              (9 damage)
             ... on level 4 of the Dungeon.
             The game lasted 00:10:51 (2961 turns).

senseless the Cudgeller (Demonspawn Berserker)      Turns: 2961, Time: 00:10:52

Health: -2/42      AC:  7    Str: 18    XL:     5   Next: 93%
Magic:  5/5        EV:  9    Int:  9    God:    Trog [***...]
Gold:   134        SH:  7    Dex: 12    Spells: 4/4 levels left

rFire    . . .     SeeInvis .   a - +1 mace
rCold    + . .     Faith    .   j - +0 kite shield
rNeg     . . .     Spirit   .   e - +2 leather armour {rC+}
rPois    +         Reflect  .   (helmet restricted)
rElec    .         Harm     .   (no cloak)
rCorr    .         Rampage  .   (no gloves)
Will     +....                  l - +0 pair of boots
Stlth    +.........             (no amulet)
HPRegen  1.14/turn              (no ring)
MPRegen  0.09/turn              (no ring)

@: on berserk cooldown, slowed, very slow
A: spiny 2, sharp scales 1, horns 1, strong-willed 1, poison resistance,
regeneration 1, no potion heal 1
a: Renounce Religion, Berserk, Trog's Hand


You were on level 4 of the Dungeon.
You worshipped Trog.
Trog was most pleased with you.
You visited 1 branch of the dungeon, and saw 4 of its levels.

You collected 134 gold pieces.

Inventory:

Hand Weapons
 a - a +1 mace (weapon)
 f - a +0 hunting sling
Missiles
 g - 111 stones
Armour
 b - a +0 animal skin
 c - a +0 chain mail
 e - a +2 leather armour of cold resistance (worn)
 j - a +0 kite shield (worn)
 l - a +0 pair of boots (worn)
Scrolls
 k - a scroll of vulnerability {unknown}
 m - a scroll of teleportation
Potions
 d - a potion of resistance
 h - a potion of degeneration {unknown}
 i - 2 potions of attraction


   Skills:
 + Level 4.0 Fighting
 + Level 4.2 Maces & Flails
 + Level 1.3 Slings
 + Level 2.9 Armour
 + Level 2.4 Dodging
 + Level 0.3 Stealth
 + Level 0.3 Shields


You had 4 spell levels left.
You didn't know any spells.
Your spell library was empty.

Dungeon Overview and Level Annotations

Branches:
Dungeon (4/15)
 Temple: D:4-7

Altars:
Fedhas

Shops:
D:3 [

Annotations:
D:4 Edmund


Innate Abilities, Weirdness & Mutations

You are mostly covered in sharp spines.
You are partially covered in razor-sharp scales. (AC +1, Slay +1)
You have a pair of small horns on your head.
You are strong-willed. (Will+)
Your system is resistant to poisons. (rPois)
Your natural rate of healing is unusually fast.
Potions are less effective at restoring your health.


Message History

Edmund the Younger comes into view.
He is wielding a +3 flail of protection.
Found 13 gold pieces.
Edmund shouts!
Found 8 gold pieces and 13 poisoned darts.
The hobgoblin is struck by your spines.
The hobgoblin hits you but does no damage.
You sock the hobgoblin!
You kill the hobgoblin!
Trog accepts your kill. Edmund barely misses you.
Edmund hits you with a +3 flail of protection!
You hit Edmund.
Edmund is lightly wounded.
Edmund hits you with a +3 flail of protection.
Edmund barely misses you.
You closely miss Edmund.
Edmund is lightly wounded.
You block Edmund's attack. Edmund barely misses you.
You hit Edmund but do no damage.
Edmund is lightly wounded.
Edmund is struck by your spines. Edmund hits you but does no damage.
Edmund hits you with a +3 flail of protection.
You hit Edmund.
Edmund is moderately wounded.
Edmund hits you with a +3 flail of protection.
You block Edmund's attack.
You hit Edmund. You headbutt Edmund, but do no damage.
Edmund is moderately wounded.
Edmund is struck by your spines.
Edmund hits you with a +3 flail of protection!
Edmund hits you but does no damage.
Edmund hits you with a +3 flail of protection!
* * * LOW HITPOINT WARNING * * *
Edmund hits you with a +3 flail of protection.
* * * LOW HITPOINT WARNING * * *
Edmund hits you with a +3 flail of protection.
* * * LOW HITPOINT WARNING * * *
Edmund is struck by your spines.
Edmund hits you with a +3 flail of protection!
You die...

.# #..............##.. .#
#########.##......#..... .#
.....(..#.............. .#
........+....##....##.# .#
........####........#.#+#.#
.#
........#######...........#
.#
....>...+.................#
.#
........#######....##....##
.#
.$....†.....@@).....#.......
.#
.........######.....#....###
.# ########.# ##....######
## #$# #..### #.# #..# #.#
#... #.. #..## ... #.## #.#


You could see Edmund.

Vanquished Creatures
  An ogre (D:4)
  An iguana (D:4)
  3 gnolls (D:4)
  2 adders
  2 worms (D:3)
  2 dart slugs
  5 bats
  7 endoplasms
  2 giant cockroaches
  12 goblins
  17 hobgoblins
  9 jackals
  3 quokkas (D:1)
  3 frilled lizards
  5 kobolds
  4 rats
78 creatures vanquished.

Notes
Turn   | Place    | Note
-------+----------+-------------------------------------------
     0 | D:1      | senseless the Demonspawn Berserker began the quest for the
                  | Orb.
     0 | D:1      | Reached XP level 1. HP: 18/18 MP: 1/1
   102 | D:1      | Gained mutation: You are partially covered in sharp spines.
                  | [demonic ancestry]
   102 | D:1      | Reached XP level 2. HP: 18/24 MP: 2/2
   264 | D:1      | You fall into a shaft and drop 1 floor!
   510 | D:2      | Gained mutation: You are partially covered in razor-sharp
                  | scales. (AC +1, Slay +1) [demonic ancestry]
   510 | D:2      | Reached XP level 3. HP: 29/29 MP: 3/3
   655 | D:1      | Reached ** piety under Trog
  1694 | D:2      | Reached XP level 4. HP: 37/37 MP: 4/4
  2087 | D:2      | Gained mutation: You have a pair of small horns on your
                  | head. [potion of mutation]
  2087 | D:2      | Gained mutation: You are weak. (Str -2) [potion of
                  | mutation]
  2087 | D:2      | Gained mutation: You are robust. (+10% HP) [potion of
                  | mutation]
  2088 | D:2      | Lost mutation: You are weak. (Str -2) [potion of mutation]
  2088 | D:2      | Lost mutation: You have a pair of small horns on your head.
                  | [potion of mutation]
  2088 | D:2      | Gained mutation: You expend magic power (3 MP) to
                  | strengthen your wands. [potion of mutation]
  2088 | D:2      | Gained mutation: You have a pair of small horns on your
                  | head. [potion of mutation]
  2088 | D:2      | Gained mutation: Your natural rate of healing is unusually
                  | fast. [potion of mutation]
  2089 | D:2      | Lost mutation: You are robust. (+10% HP) [potion of
                  | mutation]
  2089 | D:2      | Lost mutation: You expend magic power (3 MP) to strengthen
                  | your wands. [potion of mutation]
  2089 | D:2      | Gained mutation: Potions are less effective at restoring
                  | your health. [potion of mutation]
  2089 | D:2      | Gained mutation: You are strong-willed. (Will+) [potion of
                  | mutation]
  2089 | D:2      | Gained mutation: Your system is resistant to poisons.
                  | (rPois) [potion of mutation]
  2141 | D:3      | Found a faded altar of an unknown god.
  2326 | D:3      | Found a blossoming altar of Fedhas.
  2426 | D:3      | Reached *** piety under Trog
  2589 | D:3      | Found Tarug's Antique Armour Boutique.
  2898 | D:4      | Gained mutation: You are mostly covered in sharp spines.
                  | [demonic ancestry]
  2898 | D:4      | Reached XP level 5. HP: 33/42 MP: 5/5
  2923 | D:4      | Noticed an ogre
  2938 | D:4      | Reached skill level 1 in Slings
  2939 | D:4      | Killed an ogre
  2947 | D:4      | Noticed Edmund
  2961 | D:4      | Slain by Edmund

Illustrated notes

Levels and vault maps discovered:
D:1:      matt_arrival_refuge, layout_loops_ring
D:2:      layout_basic, serial_bayou_pond_b, minmay_goblin_outpost
D:3:      layout_basic, amcnicky_altar_gilded, serial_shops, shop_statue,
          hellmonk_ecumenical_altar_lost_god, st_stairs_4
D:4:      layout_basic, item_on_display_a, uniq_edmund

Skill      XL: |  1  2  3  4  5 |
---------------+----------------+-----
Maces & Flails | 3 4 |  4.2
Armour         | 2 |  2.9
Dodging        | 2 |  2.4
Slings         | 1 |  1.3
Fighting       | 4 |  4.0
Stealth        | |  0.3
Shields        | |  0.3

Action                   |  1- 3 |  4- 6 || total
-------------------------+-------+-------++-------
Melee: Mace              |    81 |    48 ||   129
       Headbutt          |       |     8 ||     8
 Fire: Hunting sling     |       |     7 ||     7
Invok: Berserk           |    12 |     4 ||    16
  Use: Scroll            |     6 |     2 ||     8
       Potion            |       |     3 ||     3
Armor: Chain mail        |    43 |    13 ||    56
       Leather armour    |       |    17 ||    17
Dodge: Dodged            |    28 |    14 ||    42
Block: Kite shield       |       |    12 ||    12

Table legend: (Time is in decaauts)
 A = Elapsed time spent in this place.
 B = Non-inter-level travel time spent in this place.
 C = Inter-level travel time spent in this place.
 D = Time resting spent in this place.
 E = Time spent auto-exploring this place.
 F = Levels seen in this place.
 G = Mean time per level.
                   A        B        C        D        E       F      G
               +--------+--------+--------+--------+--------+-----+--------+
         Total |   3153 |   3038 |    115 |    239 |   2299 |   4 |  788.2 |
       Dungeon |   3153 |   3038 |    115 |    239 |   2299 |   4 |  788.2 |
               +--------+--------+--------+--------+--------+-----+--------+

Top non-repeatable levels by time:
     D:1: 1119 daAuts
     D:2: 1108 daAuts
     D:3: 691 daAuts
     D:4: 233 daAuts
